 Dungeon Crawl Stone Soup version 0.17-a0-1778-gd369669 (webtiles) character file.

2177 DEFE the Firebug (level 8, 0/57 HPs)
             Began as a Demigod Fire Elementalist on Sept 8, 2015.
             Slain by a killer bee (3 damage)
             ... on level 7 of the Dungeon.
             The game lasted 00:16:48 (6613 turns).

DEFE the Firebug (Demigod Fire Elementalist)        Turns: 6613, Time: 00:16:48

Health: 0/57       AC:  4    Str: 14    XL:     8   Next: 86%
Magic:  2/19       EV: 16    Int: 23    God:
Gold:   434        SH:  0    Dex: 20    Spells: 3 memorised, 9 levels left

rFire  . . .     SeeInvis .     j - +7 long sword of Iginiwidgh {drain, rC- Str+3 Dex+4}
rCold  . . .     Clarity  .     i - +0 leather armour {MR+}
rNeg   . . .     SustAt   +     (no shield)
rPois  .         Gourm    .     (no helmet)
rElec  .         Spirit   .     (no cloak)
rCorr  .         Warding  .     (no gloves)
rMut   .         Stasis   .     n - +0 pair of boots
MR     +....                    (no amulet)
Stlth  ++........               (no ring)
                                h - ring of protection from cold

@: lethally poisoned (0 -> -6), very slightly contaminated, somewhat resistant
to hostile enchantments, unstealthy
A: high mp 1, sustain attributes
a: no special abilities


You were on level 7 of the Dungeon.
You were near starving.

You visited 1 branch of the dungeon, and saw 7 of its levels.

You collected 434 gold pieces.

Inventory:

Hand weapons
 d - a +1 dagger
 j - the +7 long sword of Iginiwidgh (weapon) {drain, rC- Str+3 Dex+4}
   (You found it on level 5 of the Dungeon)

   A truly terrible weapon, it drains the life of those it strikes.
   It affects your strength (+3).
   It affects your dexterity (+4).
   It makes you vulnerable to cold.
Missiles
 o - 6 tomahawks of returning (quivered)
Armour
 a - a +0 robe
 i - a +0 leather armour of magic resistance (worn)
 n - a +0 pair of boots (worn)
 G - a troll hide
Jewellery
 h - a ring of protection from cold (left hand)
Magical devices
 u - a wand of slowing (23)
 w - a wand of digging (11)
 x - a wand of flame (28)
Scrolls
 g - 4 scrolls of teleportation
 k - 2 scrolls of amnesia
 v - 2 scrolls of remove curse
 y - a scroll of fog
 A - 3 scrolls of fear
 B - a scroll of magic mapping
 C - a scroll of enchant weapon
Potions
 e - a potion of flight
 f - 5 potions of brilliance
 m - a potion of curing
 q - a potion of resistance
 s - a potion of might
 t - a potion of magic
 z - 2 potions of heal wounds
Books
 b - a book of Flames

   Spells                             Type                      Level
   a - Flame Tongue                   Conjuration/Fire             1
   b - Throw Flame                    Conjuration/Fire             2
   c - Conjure Flame                  Conjuration/Fire             3
   d - Inner Flame                    Hexes/Fire                   3
   e - Sticky Flame                   Conjuration/Fire             4
   f - Fireball                       Conjuration/Fire             5
Comestibles
 c - 4 bread rations
 l - a meat ration
 p - a fruit
 r - 2 beef jerkies
 D - 3 slices of pizza
 E - 4 chunks of flesh
 F - a royal jelly


   Skills:
 + Level 5.6 Dodging
 - Level 2.0 Stealth
 + Level 5.4 Spellcasting
 + Level 5.2 Conjurations
 + Level 6.2 Fire Magic


You had 9 spell levels left.
You knew the following spells:

 Your Spells              Type           Power        Failure   Level  Hunger
a - Flame Tongue          Conj/Fire      ####.        1%          1    None
b - Conjure Flame         Conj/Fire      ####....     3%          3    ##.....
c - Sticky Flame          Conj/Fire      ####....     12%         4    ####...


Dungeon Overview and Level Annotations

Branches:
Dungeon (7/15)
 Temple: D:4-7


Innate Abilities, Weirdness & Mutations

You have an increased reservoir of magic (+10% MP).
Your attributes are resistant to harm.


Message History

The killer bee stings you.
Unknown command.
You slash the killer bee!
The killer bee is severely wounded.
The killer bee closely misses you. x2
The wight hits you with an enchanted dire flail!
The killer bee stings you!
* * * LOW HITPOINT WARNING * * *
Unknown command.
Unknown command.
You miss the killer bee.
The killer bee is severely wounded.
The killer bee stings you.
* * * LOW HITPOINT WARNING * * *
You are poisoned.
The killer bee poisons you! The killer bee barely misses you.
The wight hits you with an enchanted dire flail.
* * * LOW HITPOINT WARNING * * *
The killer bee stings you.
You die...

#...>..........#. #. #.
#..........#......#.
###.##.........<#....#.#.
.........................
.........................
................##......#
.......#####.##..#......#
.......#####(###.....##..
......zy@z....##.........
...5...##z.....#.........
..........####...........
........### ###.#.......
........ #..#.......
####### #.##.......
#.#>....... #.#........
#.#.....(..


You could see a killer bee, 3 wights and a crimson imp.

Vanquished Creatures
  The ghost of ololoev the Poker, an average DrSk (D:4)
  A troll (D:7)
  A water moccasin (D:6)
  3 ogres
  An orc warrior (D:6)
  A giant frog (D:6)
  2 scorpions
  5 killer bees (D:7)
  A quasit (D:5)
  A centaur zombie (D:6)
  2 crimson imps
  An orc priest (D:4)
  3 orc wizards
  2 hounds
  An iguana (D:3)
  Jessica (D:2)
  5 worker ants
  A killer bee zombie (D:7)
  6 hell rats (D:6)
  A hound zombie (D:7)
  A hound skeleton (D:4)
  2 river rats (D:6)
  6 adders
  3 oozes
  An adder skeleton (D:4)
  3 worms
  3 giant geckos
  15 orcs
  7 giant cockroaches
  11 goblins
  16 hobgoblins
  14 jackals
  3 quokkas
  3 ball pythons
  7 bats
  A giant gecko zombie (D:7)
  7 giant newts
  6 kobolds
  3 quokka skeletons (D:6)
  35 rats
187 creatures vanquished.

Vanquished Creatures (others)
  An adder (D:4)
1 creature vanquished.

Grand Total: 188 creatures vanquished

Notes
Turn   | Place    | Note
--------------------------------------------------------------
     0 | D:1      | DEFE the Demigod Fire Elementalist began the quest for the Orb.
     0 | D:1      | Reached XP level 1. HP: 14/14 MP: 5/5
   183 | D:1      | Reached skill level 1 in Conjurations
   357 | D:1      | Reached XP level 2. HP: 20/20 MP: 7/7
   417 | D:1      | Reached skill level 3 in Fire Magic
   850 | D:1      | Reached XP level 3. HP: 19/26 MP: 5/8
   855 | D:1      | Learned a level 3 spell: Conjure Flame
  1336 | D:2      | Noticed Jessica
  1343 | D:2      | Killed Jessica
  1504 | D:2      | Reached XP level 4. HP: 20/33 MP: 6/10
  1551 | D:2      | Learned a level 4 spell: Sticky Flame
  1613 | D:2      | Found a radiant altar of Vehumet.
  2240 | D:3      | Found a stormy altar of Qazlal.
  2316 | D:3      | Reached XP level 5. HP: 29/38 MP: 4/12
  2938 | D:4      | Noticed ololoev's ghost (average DrSk)
  3124 | D:4      | Reached skill level 4 in Fire Magic
  3154 | D:4      | Found a deep blue altar of Sif Muna.
  3274 | D:4      | Reached XP level 6. HP: 17/45 MP: 5/13
  3626 | D:4      | Found a glowing golden altar of the Shining One.
  3781 | D:4      | Killed ololoev's ghost
  4027 | D:4      | Reached XP level 7. HP: 50/50 MP: 10/15
  4051 | D:4      | Found a snail-covered altar of Cheibriados.
  4091 | D:5      | Entered Level 5 of the Dungeon
  4098 | D:5      | Got an ancient long sword
  4100 | D:5      | Identified the +7 long sword of Iginiwidgh {drain, rC- Str+3 Dex+4} (You found it on level 5 of the Dungeon)
  4244 | D:5      | Reached skill level 5 in Fire Magic
  5112 | D:6      | Found a shadowy altar of Dithmenos.
  5139 | D:6      | Reached XP level 8. HP: 57/57 MP: 14/18
  5636 | D:6      | Reached skill level 5 in Dodging
  5656 | D:6      | Noticed a hill giant
  5713 | D:6      | Found a shattered altar of Ashenzari.
  6040 | D:6      | Reached skill level 5 in Spellcasting
  6319 | D:6      | Found a bloodstained altar of Trog.
  6323 | D:6      | Found an ancient bone altar of Kikubaaqudgha.
  6323 | D:6      | Found a blossoming altar of Fedhas.
  6334 | D:6      | Found a basalt altar of Yredelemnul.
  6338 | D:6      | Found a glowing silver altar of Zin.
  6405 | D:7      | Noticed a troll
  6411 | D:7      | Killed a troll
  6411 | D:7      | Reached skill level 5 in Conjurations
  6411 | D:7      | Reached skill level 6 in Fire Magic
  6613 | D:7      | Slain by a killer bee

Vault maps used:
D:1:      lemuel_arrival_behind_the_door_large
D:2:      vehumet_crystals, kennysheep_generic_room_15, uniq_jessica
D:3:      nicolae_qazlal_general_emergency
D:4:      led_sif_pool, tso_oasis_becter, cheibriados_altar_wand_db,
          first_bread, grunt_decor_mini_mirrors
D:6:      lemuel_ratsnest, grunt_dithmenos_smoke, lemuel_round_altar,
          minmay_overflow_temple_star_hex, hangedman_abyss_or_decor_stagger
D:7:      minmay_temple_entry_poolview, basic_altar, the_bakery

Action                   |  1- 3 |  4- 6 |  7- 9 || total
-------------------------+-------+-------+-------++-------
Melee: Dagger            |    43 |    48 |       ||    91
       Long sword        |       |       |   141 ||   141
 Cast: Flame Tongue      |    61 |   101 |    55 ||   217
       Sticky Flame      |       |     5 |    16 ||    21
       Conjure Flame     |       |     2 |     3 ||     5
  Use: Scroll            |     7 |     7 |     4 ||    18
       Potion            |       |     1 |     2 ||     3
 Stab: Sleeping          |     5 |     7 |     3 ||    15
  Eat: Chunk             |     2 |     8 |     4 ||    14
       Royal jelly       |       |     1 |       ||     1
       Meat ration       |       |       |     1 ||     1
